 Dungeon Crawl Stone Soup version 0.26.0-10-g1f06aea511 (webtiles) character file.

Game seed: 5833726129336660869

171 Mattiprrivan the Chopper (level 5, -3/34 (40) HPs)
             Began as a Minotaur Artificer on Jan 14, 2021.
             Was a Follower of Fedhas.
             Killed themself with a badly aimed iceblast (21 damage)
             ... on level 4 of the Dungeon.
             The game lasted 00:32:08 (3447 turns).

Mattiprrivan the Chopper (Minotaur Artificer)       Turns: 3447, Time: 00:32:10

HP:   -3/34 (40)    AC:  6    Str: 16    XL:     5   Next: 26%
MP:   4/4           EV: 11    Int:  8    God:    Fedhas [*.....]
Gold: 238           SH:  0    Dex: 12    Spells: 4/4 levels left

rFire    . . .     SeeInvis .   j - +1 broad axe
rCold    . . .     Faith    .   (no shield)
rNeg     + . .     Spirit   .   b - +1 leather armour
rPois    .         Reflect  .   (helmet restricted)
rElec    .         Harm     .   p - +0 cloak
rCorr    .         Rampage  .   (no gloves)
Will     .....                  l - +0 pair of boots
Stlth    +.........             (no amulet)
HPRegen  0.11/turn              h - ring of positive energy
MPRegen  0.09/turn              (no ring)

@: heavily drained
A: retaliatory headbutt, horns 2
a: Renounce Religion


You were on level 4 of the Dungeon.
You worshipped Fedhas.
Fedhas was aware of your devotion.
You visited 1 branch of the dungeon, and saw 4 of its levels.

You collected 238 gold pieces.

Inventory:

Hand Weapons
 a - a +0 club
 j - a +1 broad axe (weapon)
 m - a +3 hand axe
Missiles
 g - 20 poisoned darts (quivered)
 i - 3 javelins
Armour
 b - a +1 leather armour (worn)
 l - a +0 pair of boots (worn)
 p - a +0 cloak (worn)
Jewellery
 h - a ring of positive energy (left hand)
Wands
 c - a wand of flame (5)
 d - a wand of enslavement (15)
 e - a wand of random effects (9)
Scrolls
 f - a scroll of identify
 n - a scroll of teleportation
 o - a scroll of remove curse
Potions
 k - a potion of flight
 q - a potion of curing


   Skills:
 + Level 1.3 Fighting
 * Level 3.5(3.6) Axes
 * Level 0.7(2.7) Maces & Flails
 * Level 0.3(2.6) Polearms
 * Level 2.0(2.1) Staves
 * Level 0.2 Throwing
 * Level 2.8 Armour
 * Level 1.4 Dodging
 * Level 1.0 Stealth
 * Level 0.7 Unarmed Combat
 * Level 3.4 Evocations


You had 4 spell levels left.
You didn't know any spells.
Your spell library was empty.

Dungeon Overview and Level Annotations

Branches:
Dungeon (4/15)
 Temple: D:4-7

Altars:
Cheibriados
Dithmenos
Fedhas
Okawaru
Qazlal
Uskayaw
Wu Jian

Annotations:
D:4 Edmund


Innate Abilities, Weirdness & Mutations

You reflexively headbutt those who attack you in melee.
You have a pair of horns on your head.


Message History

Aiming: Random Effects
Press: ? - help, Shift-Dir - straight line, f - orc
Aim: an orc, wielding a +0 flail and wearing a +0 leather armour Nothing appears to happen.
Something hits you but does no damage. You partially resist.
Evoke which item? (* to show all) (? for menu, Esc to quit)
Aiming: Random Effects
Press: ? - help, Shift-Dir - straight line, f/p - orc
Aim: an orc, wielding a +0 flail and wearing a +0 leather armour The puff of frost hits something.
Something hits you but does no damage. You partially resist.
Evoke which item? (* to show all) (? for menu, Esc to quit)
Aiming: Random Effects
Press: ? - help, Shift-Dir - straight line, f/p - orc
Aim: an orc, wielding a +0 flail and wearing a +0 leather armour The mass of ice explodes!
The iceblast engulfs something!
The iceblast engulfs you!!
Ouch! That really hurt!
You die...
Fedhas appreciates your contribution to the ecosystem.

>..........
.......... ##
..........
..# .....o...
..# .........
#.###
#........
#..###.{....#
#.....@..##
##........#
##...###.##
#..### ##
#..# ##.##
#..# ##..#
##..##


You could see an orc.

Vanquished Creatures
  An orc wizard (D:2)
  A worker ant (D:4)
  2 adders
  4 worms
  2 dart slugs (D:2)
  A leopard gecko (D:1)
  12 orcs
  A ball python (D:2)
  6 giant cockroaches
  3 goblins
  8 hobgoblins
  6 kobolds
  14 bats
  7 frilled lizards
  3 rats
71 creatures vanquished.

Vanquished Creatures (others)
  14 plants (D:2)
14 creatures vanquished.

Grand Total: 85 creatures vanquished

Notes
Turn   | Place    | Note
-------+----------+-------------------------------------------
     0 | D:1      | Mattiprrivan the Minotaur Artificer began the quest for the
                  | Orb.
     0 | D:1      | Reached XP level 1. HP: 16/16 MP: 0/0
   226 | D:1      | Reached XP level 2. HP: 9/23 MP: 1/1
   509 | D:1      | Reached skill level 1 in Stealth
   997 | D:1      | Reached XP level 3. HP: 22/28 MP: 2/2
  1295 | D:2      | Found a blossoming altar of Fedhas.
  1312 | D:2      | Became a worshipper of Fedhas Madash
  1744 | D:2      | Reached skill level 1 in Axes
  1966 | D:3      | Found an iron altar of Okawaru.
  2029 | D:3      | Reached XP level 4. HP: 9/35 MP: 3/3
  2353 | D:3      | Reached * piety under Fedhas
  2572 | D:3      | Found a hide-covered altar of Uskayaw.
  2572 | D:3      | Found a stormy altar of Qazlal.
  2576 | D:3      | Found a snail-covered altar of Cheibriados.
  2577 | D:3      | Found an ornate altar of the Wu Jian Council.
  2726 | D:3      | Found a shadowy altar of Dithmenos.
  2964 | D:2      | Reached skill level 1 in Staves
  2964 | D:2      | Reached XP level 5. HP: 17/40 MP: 4/4
  3437 | D:4      | Noticed Edmund
  3447 | D:4      | Killed themself with a badly aimed iceblast

Illustrated notes

Levels and vault maps discovered:
D:1:      matt_arrival_debris, layout_basic, minmay_3d_cube
D:2:      layout_rooms, old_standard_altar, serial_bayou, serial_bayou_pond_d,
          serial_bayou_shore_b, serial_bayou_crossing, serial_bayou_pond_c,
          amcnicky_mini_corridor_feature, serial_bayou_pond_e, item_on_display_a
D:3:      layout_rooms, grunt_dithmenos_smoke_and_mirrors,
          grunt_temple_overflow_open, chequers_serial_rivers_large_a
D:4:      layout_layer_cave, ebering_ghost_sewer_d, led_sif_pool, uniq_edmund

Skill      XL: |  1  2  3  4  5 |
---------------+----------------+-----
Evocations     | 3 |  3.4
Stealth        | 1 |  1.0
Axes           | 2 3 |  3.5
Staves         | 1 2 |  2.0
Fighting       | |  1.3
Maces & Flails | |  0.7
Polearms       | |  0.3
Throwing       | |  0.2
Armour         | |  2.8
Dodging        | |  1.4
Unarmed Combat | |  0.7

Action                   |  1- 3 |  4- 6 || total
-------------------------+-------+-------++-------
Melee: Club              |    64 |       ||    64
       Headbutt          |    10 |     9 ||    19
       Broad axe         |    29 |    45 ||    74
Throw: Dart              |    43 |    20 ||    63
Evoke: Wand              |     8 |     8 ||    16
  Use: Scroll            |     7 |     1 ||     8
       Potion            |     5 |     1 ||     6
 Stab: Sleeping          |     3 |       ||     3
Armor: Leather armour    |    40 |    30 ||    70
Dodge: Dodged            |    75 |    29 ||   104
